 Dungeon Crawl Stone Soup version 0.20.1-1-g8b1a95d (webtiles) character file.

6209 Winterheart the Destroyer (level 10, -1/56 HPs)
             Began as an Octopode Wizard on Oct 23, 2017.
             Was a Believer of Vehumet.
             Slain by a vampire mosquito (6 damage)
             ... on level 10 of the Dungeon.
             The game lasted 00:30:42 (4694 turns).

Winterheart the Destroyer (Octopode Wizard)         Turns: 4694, Time: 00:30:43

Health: -1/56      AC:  4    Str:  6    XL:     10   Next: 92%
Magic:  2/23       EV: 16    Int: 30    God:    Vehumet [**....]
Gold:   316        SH:  0    Dex: 11    Spells: 8/28 levels left

rFire    . . .     SeeInvis .   L - +4 trident "Starlight" {freeze, Int+3}
rCold    . . .     Gourm    .   (no shield)
rNeg     . . .     Faith    .   a - +0 hat
rPois    .         Spirit   .   (no amulet)
rElec    .         Reflect  .   e - +3 ring of protection
rCorr    +         Harm     .   i - +3 ring of intelligence
MR       .....                  p - ring of resist corrosion
Stlth    +++.......             z - +3 ring of evasion
Regen    0.2/turn               (no ring)
MPRegen  0.2/turn               (no ring)
                                (no ring)
                                (no ring)

@: no status effects
A: almost no armour, stealthy swim, amphibious, 8 rings, constrict 8, camouflage
1, gelatinous body 1
a: Renounce Religion


You were on level 10 of the Dungeon.
You worshipped Vehumet.
Vehumet was pleased with you.
You were not hungry.

You visited 2 branches of the dungeon, and saw 12 of its levels.

You collected 316 gold pieces.

Inventory:

Hand Weapons
 f - a +1 dagger
 n - a +0 blowgun
 y - a +1 whip of electrocution
 L - the +4 trident "Starlight" (weapon) {freeze, Int+3}
   (You found it on level 9 of the Dungeon)

   It has been specially enchanted to freeze those struck by it, causing extra
   injury to most foes and up to half again as much damage against particularly
   susceptible opponents.
   It can also slow down cold-blooded creatures.
   It affects your intelligence (+3).
Missiles
 c - 3 javelins (quivered)
 m - 19 poisoned needles
 u - 7 tomahawks
 w - 7 needles of confusion
Armour
 a - a +0 hat (worn)
Magical Staves
 D - an uncursed staff of poison
 F - an uncursed staff of energy
Jewellery
 e - a +3 ring of protection (left tentacle)
 i - a +3 ring of intelligence (right tentacle)
 p - a ring of resist corrosion (on tentacle)
 z - a +3 ring of evasion (on tentacle)
Wands
 d - a wand of random effects (24/48)
 g - a wand of iceblast (7/15)
 r - a wand of paralysis (0/24)
 E - a wand of enslavement (16/24)
 G - a wand of confusion (13/48)
Scrolls
 l - 3 scrolls of remove curse
 x - a scroll of enchant weapon
 H - a scroll of recharging
 K - a scroll of magic mapping
Potions
 h - 3 potions of mutation {unknown}
 A - a potion of resistance
 C - a potion of brilliance {unknown}
 I - a potion of berserk rage
 J - a potion of haste
 M - 2 potions of invisibility {unknown}
 N - a potion of degeneration {unknown}
Books
 b - a book of Minor Magic

   Spells                             Type                      Level
   a - Magic Dart                     Conjuration                  1
   b - Blink                          Translocation                2
   c - Call Imp                       Summoning                    2
   d - Slow                           Hexes                        2
   e - Conjure Flame                  Conjuration/Fire             3
   f - Mephitic Cloud                 Conjuration/Poison/Air       3
 q - a book of Necromancy

   Spells                             Type                      Level
   a - Pain                           Necromancy                   1
   b - Animate Skeleton               Necromancy                   1
   c - Vampiric Draining              Necromancy                   3
   d - Regeneration                   Charms/Necromancy            3
   e - Animate Dead                   Necromancy                   4
   f - Control Undead                 Necromancy                   4
 B - a book of Flames

   Spells                             Type                      Level
   a - Flame Tongue                   Conjuration/Fire             1
   b - Throw Flame                    Conjuration/Fire             2
   c - Conjure Flame                  Conjuration/Fire             3
   d - Inner Flame                    Hexes/Fire                   3
   e - Sticky Flame                   Conjuration/Fire             4
   f - Fireball                       Conjuration/Fire             5
Comestibles
 k - 3 royal jellies
 o - 2 fruits
 s - 3 meat rations
 t - 2 bread rations


   Skills:
 - Level 2.0 Dodging
 - Level 2.6 Stealth
 * Level 9.5 Spellcasting
 + Level 10.7 Conjurations
   Level 1.0 Summonings
 - Level 1.0 Translocations
 * Level 7.0 Fire Magic


You had 8 spell levels left.
You knew the following spells:

 Your Spells              Type           Power        Failure   Level  Hunger
a - Magic Dart            Conj           ####         1%          1    None
b - Conjure Flame         Conj/Fire      ######..     1%          3    None
c - Mephitic Cloud        Conj/Pois/Air  #####...     2%          3    None
d - Blink                 Tloc           N/A          3%          2    None
e - Throw Flame           Conj/Fire      ######       1%          2    None
f - Sticky Flame          Conj/Fire      ######..     1%          4    None
g - Fireball              Conj/Fire      ######....   2%          5    ###....


Dungeon Overview and Level Annotations

Branches:
Dungeon (11/15)            Temple (1/1) D:5
   Lair: D:8-11         Orc: D:9-12

Altars:
Ashenzari
Cheibriados
Dithmenos
Elyvilon
Fedhas
Gozag
Hepliaklqana
Kikubaaqudgha
Makhleb
Nemelex Xobeh
Okawaru
Qazlal
Ru
Sif Muna
Trog
Uskayaw
Vehumet
Xom
Yredelemnul
Zin
The Shining One

Shops:
D:6 (

Annotations:
D:8 Erica


Innate Abilities, Weirdness & Mutations

You cannot wear most types of armour.
You are very stealthy in the water. (Stealth+)
You are amphibious.
You can wear up to eight rings at the same time.
You can use your tentacles to constrict eight enemies at once.
Your skin changes colour to match your surroundings (Stealth+).
Your rubbery body absorbs attacks. (AC +1, EV +1)


Message History

Aiming: Iceblast
Press: ? - help, Shift-Dir - straight line, f/p - vampire mosquito
Aim: a vampire mosquito (heavily damaged, covered in liquid flames)
The mass of ice explodes!
The iceblast engulfs the vampire mosquito.
You destroy the vampire mosquito!
Vehumet accepts your kill.
Your Fire Magic skill increases to level 7!
The iceblast engulfs the vampire mosquito.
The vampire mosquito is heavily damaged.
This wand has 8 charges left.
Evoke which item? (* to show all) (? for menu, Esc to quit)
Aiming: Iceblast
Press: ? - help, Shift-Dir - straight line, f - vampire mosquito
Aim: a vampire mosquito (heavily damaged)
The mass of ice explodes!
The iceblast engulfs the vampire mosquito.
The vampire mosquito is almost destroyed.
This wand has 7 charges left.
The vampire mosquito bites you.
You die...

#..#####........#
#......#........#
##......#........#
....y..Y(........#
#####...#........#
#...'...#......<.#
#...#...#........#
#...#...#........#
###+#...#....†.y@#
....#..§.....#
.....###......+
....... #......#
........#......#
........########


You could see a vampire mosquito.

Vanquished Creatures
  3 two-headed ogres
  Pikel (D:6)
  An orb spider (shapeshifter) (D:9)
  Psyche (D:8)
  A hornet (D:9)
  A wyvern (D:8)
  Eustachio (D:6)
  3 vampire mosquitoes (D:10)
  A slave (D:6)
  A sky beast (D:10)
  An ice beast (D:10)
  3 ogres
  2 orc warriors (D:9)
  A phantom (D:7)
  4 centaurs
  3 bullfrogs
  A scorpion (D:6)
  2 howler monkeys (D:5)
  A bullfrog zombie (D:9)
  2 hounds
  2 centaur skeletons
  An orc priest (D:9)
  Crazy Yiuf (D:3)
  2 bullfrog skeletons
  4 jellies
  2 worker ants
  7 orc wizards (D:9)
  8 gnolls
  A worker ant zombie (D:10)
  5 adders
  2 shadow imps
  An adder skeleton (D:7)
  A worm (D:5)
  A dart slug (D:1)
  A leopard gecko (D:9)
  20 orcs
  2 ball pythons
  2 bats (D:1)
  A giant cockroach (D:4)
  5 goblins
  6 hobgoblins
  5 jackals
  3 quokkas
  A frilled lizard (D:5)
  4 kobolds
  4 rats (D:1)
126 creatures vanquished.

Notes
Turn   | Place    | Note
-------+----------+-------------------------------------------
     0 | D:1      | Winterheart the Octopode Wizard began the quest for the Orb.
     0 | D:1      | Reached XP level 1. HP: 11/11 MP: 4/4
   138 | D:1      | Reached XP level 2. HP: 17/17 MP: 3/6
   207 | D:1      | Reached skill level 2 in Conjurations
   327 | D:2      | Reached XP level 3. HP: 21/21 MP: 0/7
   332 | D:2      | Learned a level 3 spell: Conjure Flame
   336 | D:2      | Learned a level 3 spell: Mephitic Cloud
   402 | D:4      | Noticed a sky beast
   610 | D:3      | Reached skill level 3 in Conjurations
   629 | D:3      | Found a runed door.
   633 | D:3      | Noticed Crazy Yiuf
   704 | D:3      | Killed Crazy Yiuf
   704 | D:3      | Reached XP level 4. HP: 17/27 MP: 2/9
   806 | D:4      | Found a shadowy altar of Dithmenos.
   937 | D:5      | Entered Level 5 of the Dungeon
   948 | D:5      | Reached XP level 5. HP: 23/31 MP: 1/10
  1045 | D:5      | Reached skill level 4 in Conjurations
  1048 | D:5      | Found a staircase to the Ecumenical Temple.
  1064 | Temple   | Entered the Ecumenical Temple
  1099 | Temple   | Became a worshipper of Vehumet
  1347 | D:5      | Noticed an ogre
  1362 | D:5      | Killed an ogre
  1362 | D:5      | Reached XP level 6. HP: 36/36 MP: 2/12
  1395 | D:6      | Noticed Eustachio
  1548 | D:5      | Reached skill level 5 in Conjurations
  1742 | D:6      | Killed Eustachio
  1742 | D:6      | Reached XP level 7. HP: 24/41 MP: 12/14
  1757 | D:6      | Found a shattered altar of Ashenzari.
  1763 | D:6      | Reached skill level 6 in Conjurations
  1880 | D:6      | Found Jemumeub's Antique Weapon Shoppe.
  1956 | D:7      | Found an iron altar of Okawaru.
  2021 | D:7      | Reached skill level 5 in Spellcasting
  2352 | D:6      | Noticed Pikel
  2364 | D:6      | Killed Pikel
  2364 | D:6      | Reached skill level 7 in Conjurations
  2364 | D:6      | Reached XP level 8. HP: 46/46 MP: 4/17
  2453 | D:6      | Found a glowing silver altar of Zin.
  2663 | D:7      | Reached * piety under Vehumet
  2663 | D:7      | Offered knowledge of Sandblast by Vehumet.
  2663 | D:7      | Reached skill level 8 in Conjurations
  2756 | D:8      | Noticed a two-headed ogre
  2781 | D:8      | Killed a two-headed ogre
  2781 | D:8      | Reached skill level 9 in Conjurations
  2781 | D:8      | Reached XP level 9. HP: 35/51 MP: 5/20
  2835 | D:8      | Noticed Psyche
  2843 | D:8      | Killed Psyche
  2911 | D:8      | Learned a level 2 spell: Blink
  3031 | D:8      | Learned a level 2 spell: Throw Flame
  3036 | D:8      | Learned a level 4 spell: Sticky Flame
  3042 | D:8      | Learned a level 5 spell: Fireball
  3118 | D:8      | Reached skill level 1 in Fire Magic
  3200 | D:8      | Noticed Erica
  3258 | D:10     | Entered Level 10 of the Dungeon
  3527 | D:9      | Found a deep blue altar of Sif Muna.
  3576 | D:9      | Found an opulent altar of Gozag.
  3576 | D:9      | Found a stormy altar of Qazlal.
  3586 | D:9      | Found a bloodstained altar of Trog.
  3587 | D:9      | Found an iron altar of Okawaru.
  3745 | D:9      | Noticed a two-headed ogre
  3763 | D:9      | Killed a two-headed ogre
  3763 | D:9      | Reached ** piety under Vehumet
  3763 | D:9      | Reached skill level 10 in Conjurations
  3763 | D:9      | Reached XP level 10. HP: 46/56 MP: 0/22
  3853 | D:9      | Offered knowledge of Throw Frost by Vehumet.
  3861 | D:9      | Got an encrusted trident
  3866 | D:9      | Identified the +4 trident "Starlight" {freeze, Int+3} (You found it on level 9 of the Dungeon)
  4111 | D:9      | Noticed an orb spider
  4116 | D:9      | Killed an orb spider
  4116 | D:9      | Reached skill level 5 in Fire Magic
  4181 | D:9      | Noticed a two-headed ogre
  4203 | D:9      | Killed a two-headed ogre
  4216 | D:9      | Found a burning altar of Makhleb.
  4694 | D:10     | Slain by a vampire mosquito

Skill      XL: |  1  2  3  4  5  6  7  8  9 10 |
---------------+-------------------------------+-----
Conjurations   | 2 3 4 5 7 9 10 | 10.7
Spellcasting   | 4 6 7 8 9 |  9.5
Fire Magic     | 4 7 |  7.0
Dodging        | |  2.0
Stealth        | |  2.6
Summonings     | |  1.0
Translocations | |  1.0

Action                   |  1- 3 |  4- 6 |  7- 9 | 10-12 || total
-------------------------+-------+-------+-------+-------++-------
Melee: Club              |     4 |       |       |       ||     4
       Constrict         |     8 |     9 |     7 |     2 ||    26
       Tentacles         |     6 |     4 |     6 |     1 ||    17
       Dagger            |    29 |    43 |     5 |       ||    77
       Whip              |       |       |    47 |       ||    47
       Trident           |       |       |       |    10 ||    10
 Fire: Blowgun           |       |     6 |     4 |       ||    10
Throw: Javelin           |       |     4 |       |       ||     4
 Cast: Magic Dart        |    35 |    49 |   110 |    31 ||   225
       Conjure Flame     |     1 |     3 |    25 |     6 ||    35
       Mephitic Cloud    |     1 |     1 |     8 |     6 ||    16
       Throw Flame       |       |       |    13 |    20 ||    33
       Sticky Flame      |       |       |     5 |    13 ||    18
       Blink             |       |       |     3 |     1 ||     4
Evoke: Wand              |       |     1 |    10 |     4 ||    15
  Use: Scroll            |       |     7 |     7 |     1 ||    15
       Potion            |       |     1 |     2 |     1 ||     4
 Stab: Sleeping          |     6 |     1 |     1 |       ||     8
       Confused          |     1 |       |     1 |       ||     2
       Paralysed         |       |     7 |     6 |       ||    13
  Eat: Bread ration      |       |     1 |       |     1 ||     2
       Chunk             |       |       |     2 |       ||     2
       Royal jelly       |       |       |     1 |       ||     1
Armor: Skin              |     6 |    27 |     7 |     4 ||    44
Dodge: Dodged            |    16 |    91 |    42 |    27 ||   176
